 Dungeon Crawl Stone Soup version 0.28-a0-804-g60983d4ba9 (webtiles) character file.

Game seed: 8481891291299183582

53 iamoutofideas the Firebug (level 3, -3/24 HPs)
             Began as a Demonspawn Fire Elementalist on Nov 7, 2021.
             Slain by Terence (6 damage)
             ... on level 3 of the Dungeon.
             The game lasted 00:02:55 (2454 turns).

iamoutofideas the Firebug (DsFE)                    Turns: 2454, Time: 00:02:55

Health: -3/24      AC:  8    Str:  8    XL:     3   Next: 62%
Magic:  4/6        EV: 12    Int: 17    God:
Gold:   122        SH:  0    Dex: 13    Spells: 1/7 levels left

rFire   . . .      SeeInvis .   d - +1 short sword (speed)
rCold   . . .      Faith    .   (no shield)
rNeg    . . .      Spirit   .   a - +0 robe
rPois   .          Reflect  .   (no helmet)
rElec   .          Harm     .   (no cloak)
rCorr   .          Rampage  .   (no gloves)
Will    .....                   (no boots)
Stlth   ++........              (no amulet)
HPRegen 0.08/turn               (no ring)
MPRegen 0.10/turn               (no ring)

@: mighty, brilliant, sanguine armoured
A: powered by pain 1, sanguine armour 1
a: no special abilities


You were on level 3 of the Dungeon.
You visited 2 branches of the dungeon, and saw 5 of its levels.

You collected 122 gold pieces.

Inventory:

Hand Weapons
 c - a +1 short sword of speed
 d - a +1 short sword of speed (weapon)
Armour
 a - a +0 robe (worn)
Scrolls
 h - a scroll of immolation


   Skills:
 + Level 1.9 Dodging
 - Level 2.0 Stealth
 * Level 2.5 Spellcasting
 + Level 1.7 Conjurations
 + Level 3.3 Fire Magic


You had one spell level left.
You knew the following spells:

 Your Spells              Type           Power      Damage    Failure   Level
a - Foxfire               Conj/Fire      64%        2x1d7     6%          1
b - Scorch                Fire           40%        2d7       7%          2
c - Conjure Flame         Conj/Fire      16%        6-21      19%         3

Your spell library contained the following spells:

 Spells                   Type           Power      Damage    Failure   Level
 Inner Flame              Hex/Fire       11%        N/A       28%         3
 Flame Wave               Conj/Fire      16%        3d5       54%         4


Dungeon Overview and Level Annotations

Branches:
Dungeon (4/15)             Temple (1/1) D:4

Altars:
Ashenzari
Cheibriados
Elyvilon
Fedhas
Gozag
Nemelex Xobeh
Okawaru
Ru
Sif Muna
Trog
Wu Jian
Xom
Yredelemnul

Shops:
D:1 :

Annotations:
D:3 Terence
D:4 Duvessa


Innate Abilities, Weirdness & Mutations

You sometimes gain a little power by taking damage.
When seriously injured, your bleeding wounds create armour. (AC +6)


Message History

Your magical effects are unravelling.
You feel magically purged.
You feel a little less mighty now. Terence misses you.
It was a potion of might.
You feel very mighty all of a sudden. Terence hits you with a +0 morningstar!
* * * LOW HITPOINT WARNING * * *
It was a potion of brilliance.
You feel clever all of a sudden. Terence closely misses you.
Hit: d) +1 short sword (speed)
Press: ? - help, Dir - move target, f - Terence
Aim: Terence, wielding a +0 morningstar and wearing a +0 scale mail (about 36% to evade your +1 short sword of speed)
Okay, then.
Unknown command.
Casting: Foxfire (safe; 6% risk of failure)
Confirm with . or Enter, or press ? or * to list all spells.
You don't know that spell.
Unknown command.
Casting: Foxfire (safe; 6% risk of failure)
Confirm with . or Enter, or press ? or * to list all spells.
Okay, then.
Casting: Foxfire (safe; 6% risk of failure)
Confirm with . or Enter, or press ? or * to list all spells.
You feel a surge of power!
Flames lash Terence.
Terence is moderately wounded.
Terence's fire resistance burns away.
Terence closely misses you.
Unknown command.
You aren't carrying any items that you can evoke.
As you read the scroll labelled BIRORI GUMUCS, it crumbles to dust.
It is a scroll of identify.
h - a scroll of immolation Terence closely misses you.
Terence is no longer more vulnerable to fire.
Casting: Scorch (safe; 7% risk of failure)
Confirm with . or Enter, or press ? or * to list all spells.
You feel a surge of power!
You conjure some foxfire!
Terence hits you with a +0 morningstar.
You die...

#.. #.# ... #.# ##
##.##.. ....
################v##.##
......>......g.@@....#
...#############v##.##
.#ยง# #... .#o# #.###
.). ... ..# #.# ...#
... .g.# ###


You could see Terence (ally target) and a hobgoblin.

Vanquished Creatures
  An adder (D:2)
  A worm (D:2)
  A dart slug (D:1)
  2 orcs (D:3)
  5 endoplasms
  A goblin (D:2)
  6 hobgoblins
  2 jackals (D:1)
  3 kobolds (D:1)
  A quokka (D:2)
  5 ball pythons
  2 bats (D:1)
  4 frilled lizards
  2 rats (D:2)
36 creatures vanquished.

Vanquished Creatures (collateral kills)
  A foxfire (D:1)
1 creature vanquished.

Vanquished Creatures (others)
  139 foxfires
139 creatures vanquished.

Grand Total: 176 creatures vanquished

Notes
Turn   | Place    | Note
-------+----------+-------------------------------------------
     0 | D:1      | iamoutofideas the Demonspawn Fire Elementalist began the
                  | quest for the Orb.
     0 | D:1      | Reached XP level 1. HP: 13/13 MP: 3/3
    45 | D:1      | Found a faded altar of an unknown god.
   477 | D:1      | Reached skill level 3 in Fire Magic
   610 | D:1      | Gained mutation: When seriously injured, your bleeding
                  | wounds create armour. (AC +6) [demonic ancestry]
   610 | D:1      | Reached XP level 2. HP: 15/19 MP: 1/5
  1394 | D:1      | Found Niarrunt's Book Boutique.
  1803 | D:2      | Gained mutation: You sometimes gain a little power by
                  | taking damage. [demonic ancestry]
  1803 | D:2      | Reached XP level 3. HP: 24/24 MP: 0/6
  2085 | D:2      | Found an opulent altar of Gozag.
  2216 | D:2      | You fall into a shaft and drop 2 floors!
  2239 | D:4      | Learned a level 2 spell: Scorch
  2243 | D:4      | Learned a level 3 spell: Conjure Flame
  2245 | D:4      | Found a staircase to the Ecumenical Temple.
  2255 | D:3      | Noticed Terence
  2319 | Temple   | Entered the Ecumenical Temple
  2431 | D:4      | Noticed Duvessa
  2454 | D:3      | Slain by Terence

Illustrated notes

Levels and vault maps discovered:
D:1:      minmay_arrival_four_loops, layout_loops_corners, serial_shops, shop,
          ebering_ecumenical_altar_abandoned, serial_forest,
          infiniplex_forest_straight_4, infiniplex_forest_clump_double,
          infiniplex_forest_end_2, infiniplex_forest_straight_4,
          infiniplex_forest_corner_1, infiniplex_forest_clump_C,
          infiniplex_forest_end_1, minmay_tromino_i4
D:2:      layout_loops_ring, basic_altar
D:3:      layout_basic, uniq_terence, uniq_sigmund
D:4:      minmay_evil_eye, layout_cave_pools, minmay_temple_entry_mini_moons,
          uniq_duvessa, uniq_eustachio
Temple:   nicolae_temple_god_jail

Skill      XL: |  1  2 |
---------------+-------+-----
Fire Magic     | 3 |  3.3
Stealth        | 2 |  2.0
Dodging        | |  1.9
Spellcasting   | |  2.5
Conjurations   | |  1.7

Action                   || total
-------------------------++-------
Melee: Short sword       ||     9
 Cast: Foxfire           ||    94
       Scorch            ||     1
  Use: Potion            ||     3
       Scroll            ||     1
Armor: Robe              ||     4
Dodge: Dodged            ||    16

Table legend: (Time is in decaauts)
 A = Elapsed time spent in this place.
 B = Non-inter-level travel time spent in this place.
 C = Inter-level travel time spent in this place.
 D = Time resting spent in this place.
 E = Time spent auto-exploring this place.
 F = Levels seen in this place.
 G = Mean time per level.
                   A        B        C        D        E       F      G
               +--------+--------+--------+--------+--------+-----+--------+
         Total |   2451 |   2360 |     91 |     79 |   1960 |   5 |  490.2 |
       Dungeon |   2398 |   2321 |     77 |     79 |   1931 |   4 |  599.5 |
        Temple |     53 |     39 |     14 |      0 |     29 |   1 |   53.0 |
               +--------+--------+--------+--------+--------+-----+--------+

Top non-repeatable levels by time:
     D:1: 1791 daAuts
     D:2: 421 daAuts
     D:4: 150 daAuts
  Temple: 53 daAuts
     D:3: 34 daAuts
